[Event "Titled Tuesday Blitz January 17 Early 2023"]
[White "Castellanos Gomez, Alejandro"]
[Black "Kamalidenova, Meruert"]
[WhiteFideId "22284141"]
[BlackFideId "13712802"]
[WhiteElo "2253"]
[BlackElo "2350"]
[Result "0-1"]
[Round "11"]
[TimeControl "180+2"]
[Date "2023.01.17"]
[WhiteClock "0:00:05"]
[BlackClock "0:02:15"]

1. d4 Nf6 2. Bf4 g6 3. Nc3 d5 4. Qd2 Bg7 5. O-O-O O-O 6. f3 Nbd7 7. h4 h5 8. g4 hxg4 9. Bh6 Nb6 10. h5 Bf5 11. hxg6 fxg6 12. Bxg7 Kxg7 13. Qh6+ Kf7 14. fxg4 Nxg4 15. Qh7+ Ke6 16. e4 dxe4 17. d5+ Kd7 18. d6 cxd6 19. Bb5+ Kc8 20. Nh3 a6 21. Be2 Kb8 22. Qg7 Ka7 23. Qd4 Qc7 24. a4 Qc5 25. Qg7 Rac8 26. Kb1 Nxa4 27. Rhg1 Nxc3+ 28. Qxc3 Qxc3 29. bxc3 Rxc3 30. Bxg4 Bxg4 31. Rxg4 Rxh3 32. Rxe4 Rf7 33. Rg4 Rf6 34. Rdg1 Rh6 35. Re4 e5 36. Rd1 g5 37. Rg4 Rhg6 38. Rdg1 Rf5 39. Rh1 d5 40. Rh7 e4 41. Rg3 Re5 42. Rb3 Rb6 43. Rg7 Rxb3+ 44. cxb3 e3 45. Kc2 e2 46. b4 e1=Q 47. b5 Re2+ 0-1


[Site "https://www.chess.com"]

[Event "Titled Tuesday Blitz January 17 Early 2023"]
[White "Turzo, Attila"]
[Black "Buchenau, Frank"]
[WhiteFideId "704954"]
[BlackFideId "4604350"]
[WhiteElo "2279"]
[BlackElo "2222"]
[Result "0-1"]
[Round "11"]
[TimeControl "180+2"]
[Date "2023.01.17"]
[WhiteClock "0:00:55"]
[BlackClock "0:00:09"]

1. d4 e6 2. Bf4 Nf6 3. Nf3 d5 4. e3 c5 5. c3 Nc6 6. Nbd2 Bd6 7. Bg3 O-O 8. Bd3 b6 9. Qe2 Bb7 10. Rd1 Ne7 11. e4 c4 12. Bc2 dxe4 13. Nxe4 Nxe4 14. Bxe4 Bxe4 15. Qxe4 Nd5 16. O-O b5 17. Ne5 Qc7 18. a3 a5 19. f4 f5 20. Qe2 Bxe5 21. dxe5 b4 22. axb4 axb4 23. Be1 Qc5+ 24. Rd4 Ra2 25. Bf2 bxc3 26. Rxc4 Qb5 27. Re4 Qxb2 28. Qxb2 cxb2 29. Ree1 Nxf4 30. Bc5 Rc8 31. Bd4 Nd3 32. Rb1 Rc1 33. Bxb2 Rxf1+ 34. Kxf1 Rxb2 35. Rd1 Nxe5 36. Rd8+ Kf7 37. Rc8 Ng4 38. h3 Ne3+ 39. Kg1 Nxg2 40. Kh1 f4 41. Rc4 Kf6 42. h4 Kf5 43. h5 Kg4 44. h6 gxh6 45. Rc7 Kg3 46. Rg7+ Kf3 47. Rxg2 Rb1+ 48. Kh2 e5 49. Rg7 e4 50. Rxh7 Rb2+ 51. Kh3 e3 52. Rxh6 e2 53. Re6 Kf2 54. Kg4 f3 55. Rf6 Rb4+ 56. Kg5 e1=Q 57. Rf7 Qg1+ 58. Kf5 Qb1+ 59. Kg5 Qe4 60. Rf5 Qg4+ 61. Kf6 Rb6+ 62. Ke5 Rb5+ 0-1


[Site "https://www.chess.com"]

[Event "Titled Tuesday Blitz January 17 Early 2023"]
[White "Marn, Jan"]
[Black "Md, Imran"]
[WhiteFideId "14619245"]
[BlackFideId "25748580"]
[WhiteElo "2345"]
[BlackElo "2284"]
[Result "1/2-1/2"]
[Round "11"]
[TimeControl "180+2"]
[Date "2023.01.17"]
[WhiteClock "0:00:06"]
[BlackClock "0:00:09"]

1. d4 Nf6 2. Nf3 e6 3. e3 Be7 4. Bd3 O-O 5. O-O d5 6. b3 b6 7. Qe2 Bb7 8. Bb2 Nbd7 9. Nbd2 c5 10. Ne5 Nxe5 11. dxe5 Ne4 12. Nxe4 dxe4 13. Bc4 Qc7 14. Rad1 Rfd8 15. Qg4 Bf8 16. a4 Bd5 17. Bxd5 exd5 18. e6 fxe6 19. Qxe6+ Qf7 20. Qxf7+ Kxf7 21. f3 Ke6 22. c4 dxc4 23. bxc4 exf3 24. gxf3 Bd6 25. Rd5 g6 26. Rfd1 Be7 27. Kf2 Rxd5 28. cxd5+ Kd6 29. e4 Bg5 30. e5+ Ke7 31. f4 Bxf4 32. Kf3 Rf8 33. Ke4 Bxh2 34. d6+ Ke6 35. d7 Rd8 36. Rh1 Bxe5 37. Bxe5 Rxd7 38. Rf1 Rd2 39. Rf6+ Ke7 40. Rc6 Rd1 41. Rc7+ Ke6 42. Rc6+ Ke7 43. Rc7+ Rd7 44. Rc6 Rd8 45. Bf6+ Kd7 46. Bxd8 Kxc6 47. Ke5 a6 48. Kf6 b5 49. axb5+ Kxb5 50. Kg7 c4 51. Kxh7 c3 52. Kxg6 c2 53. Bg5 a5 54. Kf5 Kc4 55. Ke4 a4 56. Bc1 Kb3 57. Kd3 a3 58. Bxa3 Kxa3 59. Kxc2 1/2-1/2


[Site "https://www.chess.com"]

[Event "Titled Tuesday Blitz January 17 Early 2023"]
[White "Papayan, Oleg"]
[Black "Fiorito, Francisco"]
[WhiteFideId "4193911"]
[BlackFideId "180165"]
[WhiteElo "2253"]
[BlackElo "2305"]
[Result "1-0"]
[Round "11"]
[TimeControl "180+2"]
[Date "2023.01.17"]
[WhiteClock "0:01:17"]
[BlackClock "0:01:48"]

1. e4 c5 2. Nf3 Nc6 3. Bb5 g6 4. Bxc6 dxc6 5. d3 Bg7 6. h3 Qc7 7. Nc3 e5 8. Be3 b6 9. Qd2 Nf6 10. Bh6 O-O 11. Bxg7 Kxg7 12. a3 h6 13. b4 cxb4 14. axb4 Be6 15. O-O Rfd8 16. Rfb1 Nh5 17. Ne2 g5 18. Nxg5 Nf6 19. Nf3 Kh7 20. Ng3 Rg8 21. Qc3 Nd7 22. d4 Rg6 23. d5 Bxh3 24. gxh3 h5 25. Kh2 Rag8 26. Rg1 Qd8 27. dxc6 Nf6 28. Rxa7 h4 29. Rxf7+ R8g7 30. Rxg7+ Rxg7 31. Nf5 Rxg1 32. Nxg1 1-0


[Site "https://www.chess.com"]

[Event "Titled Tuesday Blitz January 17 Early 2023"]
[White "Lacasa Diaz, Jose Antonio"]
[Black "Musovic, Armin"]
[WhiteFideId "2203375"]
[BlackFideId "939935"]
[WhiteElo "2359"]
[BlackElo "2261"]
[Result "0-1"]
[Round "11"]
[TimeControl "180+2"]
[Date "2023.01.17"]
[WhiteClock "0:00:13"]
[BlackClock "0:00:56"]

1. e4 c6 2. d4 d5 3. exd5 cxd5 4. c4 Nc6 5. Nc3 Nf6 6. Nf3 Bg4 7. cxd5 Nxd5 8. Qb3 Bxf3 9. gxf3 Nb6 10. Be3 e6 11. Rd1 Bd6 12. d5 exd5 13. Nxd5 O-O 14. Nxb6 axb6 15. a3 Re8 16. Be2 Qf6 17. Qxb6 Be5 18. Rd2 Rad8 19. Rxd8 Rxd8 20. Qxb7 Nd4 21. Bd1 Nf5 22. Bb3 Bxb2 23. Bxf7+ Kh8 24. Bd5 Nxe3 25. fxe3 Qc3+ 26. Ke2 Qc2+ 27. Kf1 Qd1+ 28. Kg2 Qd2+ 29. Kh3 Rxd5 30. Rb1 Be5 31. e4 Qxh2+ 32. Kg4 Qf4+ 33. Kh3 Qxf3+ 34. Kh4 Qxe4+ 35. Kh3 Rd3# 0-1


[Site "https://www.chess.com"]

[Event "Titled Tuesday Blitz January 17 Early 2023"]
[White "Dinu, Dumitru-Daniel"]
[Black "Vivas Zamora, Fabian Ernesto"]
[WhiteFideId "1208403"]
[BlackFideId "3902480"]
[WhiteElo "2203"]
[BlackElo "2346"]
[Result "1-0"]
[Round "11"]
[TimeControl "180+2"]
[Date "2023.01.17"]
[WhiteClock "0:00:06"]
[BlackClock "0:00:01"]

1. e4 e5 2. Nf3 Nc6 3. Bb5 f5 4. d3 fxe4 5. dxe4 Nf6 6. Nc3 Bb4 7. O-O Bxc3 8. bxc3 d6 9. Bg5 O-O 10. c4 Qe8 11. h3 Kh8 12. Bxf6 Rxf6 13. c5 Qg6 14. Bxc6 bxc6 15. Nxe5 Qxe4 16. Re1 Qf5 17. Ng4 Re6 18. cxd6 cxd6 19. Qxd6 h5 20. Qd8+ Kh7 21. Ne3 Qg6 22. Qd3 c5 23. Rad1 Bb7 24. Qxg6+ Rxg6 25. g3 Re8 26. Rd7 Rb6 27. Kf1 Bf3 28. Rxa7 Rb2 29. Rc7 h4 30. gxh4 1-0


[Site "https://www.chess.com"]

[Event "Titled Tuesday Blitz January 17 Early 2023"]
[White "Tarasova, Viktoriya"]
[Black "Santos Flores, Alberto"]
[WhiteFideId "4175840"]
[BlackFideId "3601234"]
[WhiteElo "2226"]
[BlackElo "2164"]
[Result "0-1"]
[Round "11"]
[TimeControl "180+2"]
[Date "2023.01.17"]
[WhiteClock "0:00:06"]
[BlackClock "0:00:12"]

1. d4 d5 2. c4 c6 3. Nf3 Nf6 4. Nc3 dxc4 5. a4 Bf5 6. Ne5 e6 7. f3 Bb4 8. Nxc4 O-O 9. Kf2 c5 10. Na2 Nc6 11. Nxb4 Nxb4 12. e4 Bxe4 13. fxe4 Nxe4+ 14. Kg1 cxd4 15. Bd3 Nxd3 16. Qxd3 Nc5 17. Qd1 Rc8 18. Bf4 Qd5 19. Rc1 f6 20. Bd6 Rfd8 21. Bxc5 Rxc5 22. Qd3 a6 23. a5 Rdc8 24. b3 Rxa5 25. Rd1 Rac5 26. Qxd4 Qxd4+ 27. Rxd4 b5 28. Nd2 Rc1+ 29. Nf1 R8c2 30. h3 Rb2 31. Kh2 Rxb3 32. Ng3 Rxh1+ 33. Nxh1 a5 34. Rd7 a4 35. Ra7 a3 36. Ng3 b4 37. Ne4 Rb2 38. Nd6 h5 39. h4 a2 40. Ne8 b3 41. Nxg7 Rb1 42. Nxh5 a1=Q 43. Nxf6+ Qxf6 0-1


[Site "https://www.chess.com"]

[Event "Titled Tuesday Blitz January 17 Early 2023"]
[White "Lehtosaari, Mauri"]
[Black "Rios Escobar, Adan"]
[WhiteFideId "501999"]
[BlackFideId "3403645"]
[WhiteElo "2176"]
[BlackElo "2234"]
[Result "1-0"]
[Round "11"]
[TimeControl "180+2"]
[Date "2023.01.17"]
[WhiteClock "0:00:15"]
[BlackClock "0:00:38"]

1. Nf3 Nf6 2. c4 g6 3. Nc3 Bg7 4. e4 d6 5. d4 O-O 6. Be2 Na6 7. O-O e5 8. Be3 Qe7 9. dxe5 dxe5 10. h3 c6 11. Qc1 Nh5 12. a3 Be6 13. b4 f5 14. exf5 gxf5 15. Nxe5 f4 16. Bd4 Bxe5 17. Bxe5 f3 18. Bxf3 Rxf3 19. gxf3 Qh4 20. Qh6 Bf5 21. Rae1 Kf7 22. Bg3 Nxg3 23. Qxh4 Nxf1 24. Rxf1 Rg8+ 25. Kh2 Nc7 26. Rg1 Ne6 27. Rxg8 Kxg8 28. Ne4 Bxe4 29. fxe4 Nd4 30. Qd8+ Kf7 31. Qxd4 1-0


[Site "https://www.chess.com"]

[Event "Titled Tuesday Blitz January 17 Early 2023"]
[White "Rodrigues, Leonardo De Miranda"]
[Black "Pein, Jonathan"]
[WhiteFideId "2108658"]
[BlackFideId "417092"]
[WhiteElo "2112"]
[BlackElo "2265"]
[Result "0-1"]
[Round "11"]
[TimeControl "180+2"]
[Date "2023.01.17"]
[WhiteClock "0:00:03"]
[BlackClock "0:00:44"]

1. e4 c5 2. Nf3 Nc6 3. Bb5 Na5 4. O-O a6 5. Be2 b5 6. d3 Bb7 7. Nc3 g6 8. Be3 d6 9. Qd2 Bg7 10. Rfe1 Rc8 11. Rab1 e6 12. Bf1 h6 13. a3 Nf6 14. h3 Nc6 15. d4 cxd4 16. Nxd4 Ne5 17. f4 Nc4 18. Bxc4 Rxc4 19. Bf2 O-O 20. Rbd1 Rxc3 21. bxc3 Nxe4 22. Qd3 d5 23. a4 bxa4 24. Rb1 Qc7 25. c4 Qxf4 26. Be3 Qc7 27. cxd5 Bxd5 28. Qxa6 Ra8 29. Qb5 a3 30. Ra1 Qc3 31. Qd3 Qxd3 32. cxd3 Nd2 33. Kf2 Bxd4 34. Bxd4 Nb3 35. Bf6 Nxa1 36. Rxa1 a2 37. g3 g5 38. h4 Kh7 39. Ke3 Kg6 40. Bb2 Rb8 41. Bc3 Rb1 42. Kd2 Kf5 43. hxg5 hxg5 44. Ke3 Kg4 45. Kf2 f5 46. Be5 Rb3 47. Ke2 Rb7 48. Kf2 Rh7 49. Ke3 f4+ 50. gxf4 gxf4+ 51. Kd4 f3 52. Rg1+ Kf5 0-1


[Site "https://www.chess.com"]

[Event "Titled Tuesday Blitz January 17 Early 2023"]
[White "Alfaro, William"]
[Black "Domingo Nunez, Ruben"]
[WhiteFideId "6100457"]
[BlackFideId "22245570"]
[WhiteElo "2134"]
[BlackElo "2416"]
[Result "0-1"]
[Round "11"]
[TimeControl "180+2"]
[Date "2023.01.17"]
[WhiteClock "0:02:00"]
[BlackClock "0:02:29"]

1. Nf3 b5 2. c4 Bb7 3. cxb5 Nf6 4. e3 d6 5. d4 Rg8 6. Nc3 g5 7. b4 g4 8. Nd2 e5 9. Nb3 exd4 10. Qxd4 Bg7 11. Bb2 Nbd7 12. Bc4 Ne4 13. Qd3 Ne5 14. Qe2 Nxc3 15. Bxc3 Bxg2 16. Rg1 Nf3+ 17. Kd1 Nxg1 18. Qxg4 Bf3+ 19. Qxf3 Nxf3 0-1


[Site "https://www.chess.com"]

[Event "Titled Tuesday Blitz January 17 Early 2023"]
[White "Belozerov, Andrei"]
[Black "Degenbaev, Aziz"]
[WhiteFideId "4120213"]
[BlackFideId "13802640"]
[WhiteElo "2461"]
[BlackElo "2203"]
[Result "1-0"]
[Round "11"]
[TimeControl "180+2"]
[Date "2023.01.17"]
[WhiteClock "0:00:10"]
[BlackClock "0:00:13"]

1. d4 Nf6 2. c4 g6 3. g3 Bg7 4. Bg2 O-O 5. Nc3 d6 6. e3 c5 7. Nge2 Nc6 8. O-O Rb8 9. b3 a6 10. Bb2 cxd4 11. exd4 Bf5 12. d5 Ne5 13. Nd4 Qc8 14. Nxf5 Qxf5 15. Qe2 Rfe8 16. Rad1 Ned7 17. Rfe1 h5 18. h3 Nh7 19. Ne4 Bxb2 20. Qxb2 b5 21. cxb5 axb5 22. Rc1 Ne5 23. Qe2 h4 24. g4 Qf4 25. Qe3 Qxe3 26. Rxe3 f5 27. f4 Nd7 28. Nd2 Nhf6 29. Bf3 Nc5 30. b4 Na6 31. a3 Rbc8 32. Rxc8 Rxc8 33. Rxe7 Rc3 34. gxf5 gxf5 35. Re6 Kf7 36. Rxd6 Nc7 37. Rc6 Ncxd5 38. Rxc3 Nxc3 39. Kf2 Nfd5 40. Bxd5+ Nxd5 41. Kf3 Nc3 42. Ke3 Ke6 43. Kd4 Nd5 44. Kc5 Nxf4 45. Kxb5 Nxh3 46. a4 Nf4 47. a5 Nd5 48. a6 h3 49. Nf1 Kd7 50. a7 Nc7+ 51. Kb6 Kc8 52. b5 f4 53. Nh2 Kd7 54. Kb7 Na8 55. Kxa8 Kc7 56. b6+ Kxb6 57. Kb8 Kc5 58. a8=Q Kd4 59. Qf3 Ke5 60. Ng4+ Kf5 61. Nf2 Ke5 62. Qxh3 Kd6 63. Qf3 Kc5 64. Qe4 Kb6 65. Nd3 Ka5 66. Qd5+ Ka6 67. Qb7+ Ka5 68. Nb2 f3 69. Nc4+ Ka4 70. Nd2 f2 71. Qb3+ Ka5 72. Nc4+ Ka6 73. Qb6# 1-0


[Site "https://www.chess.com"]

[Event "Titled Tuesday Blitz January 17 Early 2023"]
[White "Maksimenko, Viktor"]
[Black "Garv Gaur"]
[WhiteFideId "13710478"]
[BlackFideId "45030839"]
[WhiteElo "2196"]
[BlackElo "2006"]
[Result "0-1"]
[Round "11"]
[TimeControl "180+2"]
[Date "2023.01.17"]
[WhiteClock "0:01:43"]
[BlackClock "0:02:20"]

1. d4 Nf6 2. c4 e6 3. Nf3 d5 4. g3 Bb4+ 5. Qd2 Bxd2+ 6. Nbxd2 O-O 7. Bg2 b6 8. O-O Bb7 9. b3 c5 10. Bb2 Nc6 11. dxc5 bxc5 12. e3 d4 13. exd4 Nxd4 14. Bxd4 cxd4 15. Rad1 Qb6 16. Rfe1 Rfd8 17. h4 a5 18. Re5 Bc6 19. Rb1 d3 20. Bh3 a4 21. b4 Bxf3 22. Nxf3 d2 23. Rd1 Qxb4 0-1


[Site "https://www.chess.com"]

[Event "Titled Tuesday Blitz January 17 Early 2023"]
[White "Tologon tegin, Semetei"]
[Black "Kostenko, Petr"]
[WhiteFideId "13800574"]
[BlackFideId "13700669"]
[WhiteElo "2372"]
[BlackElo "2371"]
[Result "1/2-1/2"]
[Round "11"]
[TimeControl "180+2"]
[Date "2023.01.17"]
[WhiteClock "0:00:23"]
[BlackClock "0:00:14"]

1. Nf3 c5 2. g3 g6 3. Bg2 Bg7 4. O-O Nc6 5. c4 e5 6. Nc3 Nge7 7. d3 O-O 8. Ne1 a6 9. Nc2 Rb8 10. Ne3 b5 11. Ncd5 d6 12. Rb1 Nxd5 13. Nxd5 Ne7 14. b3 Nxd5 15. Bxd5 Bb7 16. e4 Bxd5 17. cxd5 f5 18. f3 Rc8 19. Bd2 Qd7 20. Kg2 h5 21. Qe2 Kh7 22. Rbc1 Rf7 23. h3 a5 24. g4 f4 25. Ra1 Ra8 26. a4 b4 27. gxh5 gxh5 28. Kh2 Bf6 29. Be1 Rg8 30. Bf2 Rfg7 31. Rg1 Qe7 32. Rxg7+ Rxg7 33. Rg1 Bh4 34. Rxg7+ Kxg7 35. Qe1 Bxf2 36. Qxf2 Kh6 37. h4 Qg7 38. Qe1 Qg6 39. Kh3 Qg7 40. Qf2 Qd7+ 41. Kh2 Qg7 42. Qg2 Qxg2+ 43. Kxg2 Kg7 44. Kh2 Kf8 45. Kg2 Ke8 46. Kf2 Ke7 47. Ke2 Kd7 48. Kd2 Kc7 49. Kc2 Kb6 50. Kd2 Ka6 51. Kc2 Kb6 52. Kd2 Ka6 53. Kc2 Kb6 1/2-1/2


[Site "https://www.chess.com"]

[Event "Titled Tuesday Blitz January 17 Early 2023"]
[White "Iskusnyh, Sergei"]
[Black "Qashashvili, Alexandre"]
[WhiteFideId "4120027"]
[BlackFideId "13600842"]
[WhiteElo "2440"]
[BlackElo "2505"]
[Result "1-0"]
[Round "11"]
[TimeControl "180+2"]
[Date "2023.01.17"]
[WhiteClock "0:00:11"]
[BlackClock "0:00:07"]

1. d4 c6 2. c4 d5 3. Nf3 Bf5 4. cxd5 cxd5 5. Qb3 Qb6 6. Qxd5 e6 7. Qb3 Qxb3 8. axb3 Nc6 9. e3 Bb4+ 10. Bd2 a6 11. Bb5 Bxd2+ 12. Nbxd2 Rc8 13. Nc4 axb5 14. Nd6+ Kd7 15. Nxc8 Kxc8 16. Ra8+ Nb8 17. Ne5 Ne7 18. Nxf7 Rf8 19. Nd6+ Kc7 20. Nxb5+ Kd7 21. Kd2 Be4 22. f3 Bc6 23. Na3 Nd5 24. Nc4 Nc7 25. Ra5 Bb5 26. Ne5+ Kd6 27. Rc1 Nc6 28. Raa1 Na6 29. Nc4+ Kd7 30. Na3 Nc7 31. Rc5 Ba6 32. Nc4 Bxc4 33. bxc4 Na6 34. Rb5 Kc7 35. Kc3 Rd8 36. h4 g6 37. Rh1 Rf8 38. h5 Rf7 39. hxg6 hxg6 40. Rg5 Rg7 41. Rh6 Ne7 42. e4 Nb8 43. d5 exd5 44. exd5 Kd6 45. Kd4 b6 46. b4 Nd7 47. g4 Kc7 48. c5 bxc5+ 49. bxc5 Kd8 50. Rh8+ Kc7 51. d6+ Kc6 52. dxe7 Rxe7 53. Rxg6+ Kb5 54. c6 Nb6 55. Rb8 Ka6 56. Rxb6+ Kxb6 57. Rf6 Kc7 58. g5 Re1 59. g6 Rg1 60. Kd5 Rd1+ 61. Ke6 Kxc6 62. Kf7+ Kd7 63. g7 Rg1 64. g8=Q Rxg8 65. Kxg8 Ke7 66. Kg7 Ke8 67. f4 Ke7 68. f5 Ke8 69. Re6+ 1-0


[Site "https://www.chess.com"]

[Event "Titled Tuesday Blitz January 17 Early 2023"]
[White "Kozin, Yuri"]
[Black "Miszler, Levente"]
[WhiteFideId "4129920"]
[BlackFideId "763276"]
[WhiteElo "2251"]
[BlackElo "2271"]
[Result "0-1"]
[Round "11"]
[TimeControl "180+2"]
[Date "2023.01.17"]
[WhiteClock "0:02:03"]
[BlackClock "0:01:42"]

1. e4 e6 2. d4 d5 3. Nd2 f5 4. exf5 exf5 5. Ngf3 Nf6 6. Ne5 Bd6 7. Ndf3 O-O 8. Bd3 Ne4 9. O-O Nd7 10. c4 c6 11. Qb3 Ndf6 12. Bg5 Be6 13. Qxb7 dxc4 14. Bxc4 Bxc4 15. Nxc4 Rb8 16. Qxc6 Rc8 17. Qa6 Bxh2+ 18. Kxh2 Qc7+ 19. Kg1 Qxc4 20. Rac1 Qxa6 0-1


[Site "https://www.chess.com"]

[Event "Titled Tuesday Blitz January 17 Early 2023"]
[White "Bazarov, Konstantin"]
[Black "Gutkin, Ilya"]
[WhiteFideId "4137000"]
[BlackFideId "16203470"]
[WhiteElo "2235"]
[BlackElo "2273"]
[Result "1-0"]
[Round "11"]
[TimeControl "180+2"]
[Date "2023.01.17"]
[WhiteClock "0:00:26"]
[BlackClock "0:00:03"]

1. c4 e6 2. Nf3 d5 3. e3 Nf6 4. b3 c5 5. Bb2 Nc6 6. cxd5 exd5 7. Bb5 Bg4 8. Bxc6+ bxc6 9. h3 Bh5 10. d3 Be7 11. Nbd2 O-O 12. Qc2 Bg6 13. Ne5 Nd7 14. Nxc6 Qe8 15. Nxe7+ Qxe7 16. O-O Rac8 17. Rac1 f6 18. e4 Qe6 19. Rfe1 Rfd8 20. f4 Qa6 21. Nf3 Nb6 22. f5 Bf7 23. e5 fxe5 24. Nxe5 Nd7 25. Nxf7 Kxf7 26. Re6 Qb7 27. Rce1 Nf6 28. Bxf6 gxf6 29. Qe2 Rd7 30. Qh5+ Kg7 31. R1e3 Kh8 32. Rxf6 Rg7 33. Rfe6 Rcg8 34. g4 d4 35. R3e4 Qc7 36. Kg2 Qa5 37. Re2 Qc3 38. f6 Rg5 39. Qh4 R5g6 40. Re7 h6 41. f7 Rf8 42. Re8 Kg7 43. Rxf8 Kxf8 44. Qe7+ Kg7 45. f8=Q# 1-0


[Site "https://www.chess.com"]

[Event "Titled Tuesday Blitz January 17 Early 2023"]
[White "TacticalSam94"]
[Black "Balabayeva, Xeniya"]
[BlackFideId "13719688"]
[WhiteElo "2382"]
[BlackElo "2191"]
[Result "0-1"]
[Round "11"]
[TimeControl "180+2"]
[Date "2023.01.17"]
[WhiteClock "0:02:31"]
[BlackClock "0:01:34"]

1. e4 c5 2. Nf3 Nc6 3. d4 cxd4 4. Nxd4 Nf6 5. Nc3 e6 6. Ndb5 Bc5 7. Bf4 O-O 8. Bd6 Qb6 9. Bxc5 Qxc5 10. Qd6 Qb6 11. Be2 a6 12. Qc7 Qxc7 13. Nxc7 Ra7 14. e5 Nxe5 15. a4 b6 16. N7b5 axb5 17. Nxb5 Ra8 18. O-O Bb7 19. b4 Nd5 20. Rfb1 Bc6 21. c4 Bxb5 22. axb5 Nc3 23. Rxa8 Rxa8 24. Ra1 Rxa1+ 25. Bf1 Ne2+ 26. Kh1 Rxf1# 0-1


[Site "https://www.chess.com"]

[Event "Titled Tuesday Blitz January 17 Early 2023"]
[White "Padmini, Rout"]
[Black "Houska, Jovanka"]
[WhiteFideId "5029295"]
[BlackFideId "405094"]
[WhiteElo "2375"]
[BlackElo "2338"]
[Result "1/2-1/2"]
[Round "11"]
[TimeControl "180+2"]
[Date "2023.01.17"]
[WhiteClock "0:00:14"]
[BlackClock "0:00:16"]

1. b3 d5 2. Bb2 c6 3. e3 Bf5 4. Nf3 e6 5. c4 Nf6 6. Nc3 h6 7. d3 Nbd7 8. Be2 Be7 9. O-O O-O 10. Rc1 a5 11. Nd4 Bh7 12. f4 e5 13. fxe5 Nxe5 14. Nf5 Re8 15. cxd5 cxd5 16. Nb5 Nc6 17. Nbd4 Nxd4 18. Bxd4 a4 19. Nxe7+ Qxe7 20. bxa4 Bg6 21. Qb3 Qd7 22. Bd1 Ng4 23. Bxg4 Qxg4 24. Qxd5 Rxa4 25. Rc7 Qe6 26. Qxe6 Rxe6 27. h4 h5 28. Rf2 b5 29. Rb7 b4 30. Rc2 Bxd3 31. Rc8+ Kh7 32. Rxf7 Rg6 33. Rcc7 Rxa2 34. Rxg7+ Rxg7 35. Rxg7+ Kh6 36. Rb7 Rxg2+ 37. Kxg2 Be4+ 38. Kg3 Bxb7 39. Kf4 b3 40. Bb2 Kg6 41. e4 Kf7 42. Kf5 Bc8+ 43. Kg5 Bg4 44. e5 Ke6 45. Kf4 Bd1 46. Kg5 Bg4 47. Kf4 Bd1 48. Kg5 Bg4 1/2-1/2


[Site "https://www.chess.com"]

[Event "Titled Tuesday Blitz January 17 Early 2023"]
[White "Fathy, Elameir"]
[Black "Shuvalov, Evgenij"]
[WhiteFideId "10600396"]
[BlackFideId "4187237"]
[WhiteElo "2300"]
[BlackElo "2038"]
[Result "0-1"]
[Round "11"]
[TimeControl "180+2"]
[Date "2023.01.17"]
[WhiteClock "0:00:03"]
[BlackClock "0:01:02"]

1. d4 Nf6 2. c4 c5 3. d5 b5 4. cxb5 a6 5. bxa6 Bxa6 6. Nc3 d6 7. e4 Bxf1 8. Kxf1 g6 9. g3 Bg7 10. Kg2 Nbd7 11. Nf3 O-O 12. Qe2 Qb6 13. a4 Rfb8 14. Nb5 Ne8 15. Bg5 Rb7 16. Nd2 h6 17. Nc4 Qa6 18. Bd2 Ne5 19. Bc3 Nc7 20. Nxe5 Bxe5 21. Bxe5 dxe5 22. Ra3 Rab8 23. Qd2 Nxb5 24. axb5 Qxb5 25. Qxh6 Qe2 26. Re3 Qd2 27. Qh4 Rxb2 28. Rf3 R8b3 29. Rxb3 Qxf2+ 30. Kh3 Rxb3 31. Qxe7 Qf3 32. Qe8+ Kh7 33. Qd8 Qxh1 34. Qh4+ Kg7 35. Qe7 Qf1+ 36. Kh4 Qf6+ 0-1


[Site "https://www.chess.com"]

[Event "Titled Tuesday Blitz January 17 Early 2023"]
[White "Carrasco Miranda, Andres"]
[Black "Kukula, Pawel"]
[WhiteFideId "3405990"]
[BlackFideId "1115081"]
[WhiteElo "2240"]
[BlackElo "2135"]
[Result "1-0"]
[Round "11"]
[TimeControl "180+2"]
[Date "2023.01.17"]
[WhiteClock "0:00:11"]
[BlackClock "0:00:07"]

1. d4 Nf6 2. c4 g6 3. g3 Bg7 4. Bg2 O-O 5. Nc3 d6 6. Nf3 Nc6 7. O-O Bg4 8. h3 Bxf3 9. exf3 Nd7 10. Be3 Na5 11. b3 c5 12. Rc1 Nc6 13. dxc5 dxc5 14. f4 Rc8 15. Qd2 e6 16. Rfd1 Nd4 17. Nb5 Qb6 18. Nxd4 cxd4 19. Bxd4 Bxd4 20. Qxd4 Nc5 21. Qf6 a5 22. h4 Rfd8 23. h5 gxh5 24. Qg5+ Kh8 25. Qxh5 Nd3 26. Rxd3 Rxd3 27. Be4 Rxg3+ 28. Kf1 Rg7 29. Rd1 Rcg8 30. Rd3 f5 31. Bf3 a4 32. Qh4 axb3 33. axb3 Qb4 34. Qf6 Qe7 35. Qe5 Rf8 36. Rd6 Qf6 37. Rxe6 Qxe5 38. fxe5 Rd7 39. Rd6 Rxd6 40. exd6 b6 41. b4 Kg7 42. c5 bxc5 43. bxc5 Kf6 44. Bd5 Ke5 45. Bb7 Rd8 46. f4+ Ke6 47. Kf2 Rg8 48. Ba6 Rg7 49. Bc4+ Kd7 50. Bb5+ Ke6 51. d7 Rxd7 52. Bxd7+ Kxd7 53. Kg3 Kc6 54. Kh4 h6 55. Kh5 Kxc5 56. Kxh6 Kd5 57. Kg6 Ke4 58. Kg5 Kd5 59. Kxf5 Kd6 60. Kg6 Ke7 61. f5 Kf8 62. Kf6 Kg8 63. Ke7 Kg7 64. f6+ Kh7 65. f7 Kg6 66. f8=Q Kh7 67. Qf4 Kg6 68. Qg4+ Kh6 69. Kf7 Kh7 70. Qh5# 1-0


[Site "https://www.chess.com"]

[Event "Titled Tuesday Blitz January 17 Early 2023"]
[White "Sreyas Payyappat"]
[Black "Ovezdurdyyeva, Jemal"]
[WhiteFideId "46674969"]
[BlackFideId "14001888"]
[WhiteElo "2076"]
[BlackElo "2078"]
[Result "0-1"]
[Round "11"]
[TimeControl "180+2"]
[Date "2023.01.17"]
[WhiteClock "0:02:02"]
[BlackClock "0:01:02"]

1. e4 d6 2. d4 Nf6 3. Nc3 g6 4. Be3 c6 5. Nf3 b5 6. Bd3 Bg7 7. Qd2 h5 8. O-O-O b4 9. Ne2 a5 10. e5 Nd5 11. Be4 Nxe3 12. fxe3 Be6 13. Nf4 Bxa2 14. e6 f5 15. Bd3 Rg8 16. Nxg6 Bxe6 17. Nf4 Bd7 18. Nh4 e6 19. Qe2 Qxh4 20. g3 Qe7 21. Qxh5+ Kd8 22. Bc4 d5 23. Ba2 Na6 24. Qh7 Rh8 0-1


[Site "https://www.chess.com"]

[Event "Titled Tuesday Blitz January 17 Early 2023"]
[White "Todorovic, Bojan"]
[Black "Jimenez, Joaquin"]
[WhiteFideId "917087"]
[BlackFideId "109860"]
[WhiteElo "2195"]
[BlackElo "2195"]
[Result "0-1"]
[Round "11"]
[TimeControl "180+2"]
[Date "2023.01.17"]
[WhiteClock "0:00:02"]
[BlackClock "0:00:25"]

1. d4 Nf6 2. c4 g6 3. Nc3 Bg7 4. e4 d6 5. Nf3 O-O 6. Be2 e5 7. O-O Nc6 8. d5 Ne7 9. Ne1 Nd7 10. Be3 f5 11. f3 f4 12. Bf2 Nf6 13. c5 Ne8 14. Rc1 g5 15. cxd6 cxd6 16. Qc2 Ng6 17. Nb5 Rf7 18. Nxa7 Bd7 19. Bb5 h5 20. Bxd7 Qxd7 21. Nc8 Rxa2 22. Nb6 Qe7 23. Nd3 g4 24. Qc8 g3 25. Be1 gxh2+ 26. Kh1 Ra6 27. Nc4 Rf8 28. Bb4 Nf6 29. Qe6+ Qxe6 30. dxe6 Ne8 31. Ra1 Rc6 32. b3 Bf6 33. Ra8 Be7 34. Rb8 Ng7 35. Rxb7 Nxe6 36. Ndxe5 dxe5 37. Bxe7 Rf7 38. Rb8+ Kh7 39. Bd6 Nd4 40. Nxe5 Nxe5 41. Bxe5 Ne2 42. Rf2 Rc1+ 43. Kxh2 Ng3 44. Bxf4 Nf1+ 45. Rxf1 Rxf1 0-1


[Site "https://www.chess.com"]